 Dungeon Crawl Stone Soup version 0.24-a0-537-g2d01d4ab0a (webtiles) character file.

Game seed: 16111889396751512884

2189 Mithandil the Blocker (level 9, 0/78 HPs)
             Began as a Minotaur Fighter on Aug 11, 2019.
             Slain by a gnoll sergeant
             ... wielding a +2 trident of venom
              (9 damage)
             ... on level 6 of the Dungeon on Aug 12, 2019.
             The game lasted 00:25:10 (5018 turns).

Mithandil the Blocker (Minotaur Fighter)            Turns: 5018, Time: 00:25:10

Health: 0/78       AC: 12    Str: 29    XL:     9   Next: 12%
Magic:  9/9        EV:  9    Int:  7    God:
Gold:   199        SH: 12    Dex: 10    Spells: 3/10 levels left

rFire    . . .     SeeInvis .   w - +3 war axe (elec)
rCold    . . .     Gourm    .   c - +0 shield
rNeg     . . .     Faith    .   H - +0 chain mail
rPois    .         Spirit   .   (helmet restricted)
rElec    .         Reflect  .   (no cloak)
rCorr    .         Harm     .   F - +0 pair of gloves
MR       .....                  z - +0 pair of boots
Stlth    ..........             (no amulet)
HPRegen  0.23/turn              r - +2 ring of intelligence
MPRegen  0.11/turn              s - ring of stealth

@: mighty, lethally poisoned (0 -> -1)
A: retaliatory headbutt, horns 2
a: no special abilities


You were on level 6 of the Dungeon.
You were not hungry.

You visited 1 branch of the dungeon, and saw 8 of its levels.

You collected 355 gold pieces.
You spent 156 gold pieces at shops.

Inventory:

Hand Weapons
 a - a +3 hand axe of electrocution
 b - a +0 hunting sling
 n - a +0 spear
 t - a +2 dagger of venom
 u - a +2 falchion of holy wrath
 w - a +3 war axe of electrocution (weapon)
 x - a +2 dagger of flaming
 D - a +0 dire flail of crushing
 I - a +0 rapier of holy wrath
Missiles
 e - 87 sling bullets
 g - 19 boomerangs (quivered)
 h - 4 atropa-tipped darts
 j - 75 bolts
 m - 67 poisoned darts
Armour
 c - a +0 shield (worn)
 z - a +0 pair of boots (worn)
 F - a +0 pair of gloves (worn)
 H - a +0 chain mail (worn)
Magical Staves
 G - an uncursed staff of fire {unknown}
Jewellery
 r - a +2 ring of intelligence (left hand)
 s - a ring of stealth (right hand)
Wands
 C - a wand of polymorph (12)
 K - a wand of digging (7)
Scrolls
 l - 4 scrolls of teleportation
 o - a scroll of fear
 p - 3 scrolls of remove curse
 q - 4 scrolls of identify
 v - a scroll of blinking
 y - a scroll of amnesia
 E - a scroll of enchant armour {unknown}
 J - a scroll of magic mapping
Potions
 d - 2 potions of might
 k - a potion of cancellation
 A - a potion of berserk rage {unknown}
 B - a potion of brilliance
Comestibles
 f - 8 rations
 i - a chunk of flesh


   Skills:
 + Level 6.5 Fighting
 * Level 8.0 Axes
 + Level 6.4 Armour
 + Level 4.7 Dodging
 * Level 8.5 Shields
 - Level 1.0 Spellcasting


You had 3 spell levels left.
You knew the following spells:

 Your Spells              Type           Power        Failure   Level  Hunger
a - Magic Dart            Conj           #...         99%         1    ##.....
c - Mephitic Cloud        Conj/Pois/Air  #.......     100%        3    ####...
f - Conjure Flame         Conj/Fire      #.......     100%        3    ####...

Your spell library contained the following spells:

 Spells                   Type           Power        Failure   Level  Hunger
 Summon Small Mammal      Summ           #...         99%         1    ##.....
 Blink                    Tloc           N/A          100%        2    ###....
 Call Imp                 Summ           #.......     100%        2    ###....
 Slow                     Hex            #.......     100%        2    ###....
 Call Canine Familiar     Summ           #.......     100%        3    ####...
 Summon Guardian Golem    Hex/Summ       #.......     100%        3    ####...
 Summon Ice Beast         Ice/Summ       #.......     100%        4    #####..
 Summon Lightning Spire   Summ/Air       #.......     100%        4    #####..


Dungeon Overview and Level Annotations

Branches:
Dungeon (8/15)             Temple (0/1) D:6
   Lair: D:8-11

Altars:
Yredelemnul

Shops:
D:4 *


Innate Abilities, Weirdness & Mutations

You reflexively headbutt those who attack you in melee.
You have a pair of horns on your head.


Message History

Your Axes skill increases to level 8!
The hound bites you.
* * * LOW HITPOINT WARNING * * *
The gnoll sergeant barely misses you.
You feel very mighty all of a sudden. You block the hound's attack.
The gnoll sergeant hits you but does no damage.
You are poisoned.
You block the hound's attack. The gnoll hits you but does no damage.
You feel sick.
There is an open door here.
The hound bites you.
* * * LOW HITPOINT WARNING * * *
You slash the hound!
The hound is severely wounded.
You feel sick. The hound closely misses you. You block the hound's attack.
You slash the hound! Lightning courses through the hound!
You kill the hound!
The gnoll sergeant hits you from afar with a +2 trident of venom!
You die...

###################
.....#...'..)g....(
.....#...'g(g..K...
..♣PP#...#†########++####$..
..P #...#)@.#...?......#...
. #...#.))#(..$...:..#...
#####.>.# ...gOg...# ..
P♣♣♣P#.).#


hoKKKg h .PPPPP#'''## ##### ## .P♣PPP♣....♣♣♣♣...♣♣♣### .#
...P♣P.....PP♣PP..P♣P♣.♣♣ .## ...P.P.....P♣P♣P..P.P.P♣P ..#
.............P.P......P.P You could see a gnoll sergeant.

Vanquished Creatures
  Grinder (D:4)
  A hippogriff (D:6)
  Eustachio (D:6)
  Edmund (D:5)
  A phantom (D:4)
  A black bear (D:5)
  4 ogres
  A centaur (D:6)
  A scorpion (D:4)
  A crimson imp (D:4)
  7 hounds
  6 orc priests
  A bullfrog skeleton (D:4)
  A gnoll shaman (D:6)
  An iguana (D:5)
  5 orc wizards
  A hound skeleton (D:5)
  8 gnolls
  9 adders
  An adder skeleton (D:6)
  3 dart slugs
  2 worms
  5 leopard geckos
  25 orcs
  A ball python (D:1)
  5 bats
  A giant cockroach (D:1)
  10 hobgoblins
  8 jackals
  A quokka (D:2)
  4 frilled lizards
  12 goblins
  2 jackal skeletons
  9 kobolds
  3 leopard gecko skeletons
  6 rats
  A plant (D:6)
151 creatures vanquished.

Notes
Turn   | Place    | Note
-------+----------+-------------------------------------------
     0 | D:1      | Mithandil the Minotaur Fighter began the quest for the Orb.
     0 | D:1      | Reached XP level 1. HP: 19/19 MP: 0/0
    70 | D:1      | Reached XP level 2. HP: 24/27 MP: 1/1
   431 | D:2      | Reached XP level 3. HP: 33/33 MP: 2/2
   486 | D:1      | Reached skill level 1 in Dodging
  1337 | D:2      | Reached XP level 4. HP: 40/40 MP: 3/3
  1668 | D:2      | Reached XP level 5. HP: 47/47 MP: 4/4
  1775 | D:2      | Reached skill level 5 in Shields
  2023 | D:2      | Found a basalt altar of Yredelemnul.
  2045 | D:2      | Found a faded altar of an unknown god.
  2278 | D:3      | Upgraded the game from 0.24-a0-536-gdd4cf15266 to
                  | 0.24-a0-537-g2d01d4ab0a
  2346 | D:4      | Reached XP level 6. HP: 53/53 MP: 5/5
  3096 | D:5      | Entered Level 5 of the Dungeon
  3136 | D:4      | Reached skill level 5 in Axes
  3332 | D:4      | Found Dosiwn's Assorted Antiques.
  3352 | D:4      | Bought a runed war axe for 156 gold pieces
  3370 | D:5      | Reached skill level 5 in Fighting
  3370 | D:5      | Reached XP level 7. HP: 31/61 MP: 6/6
  3577 | D:4      | Noticed Grinder
  3587 | D:4      | Paralysed by Grinder for 2 turns
  3590 | D:4      | Killed Grinder
  3590 | D:4      | Reached skill level 5 in Armour
  3590 | D:4      | Reached skill level 1 in Spellcasting
  3614 | D:4      | Reached XP level 8. HP: 25/69 MP: 8/8
  3823 | D:4      | Learned a level 1 spell: Magic Dart
  3827 | D:4      | Learned a level 3 spell: Conjure Flame
  3831 | D:4      | Learned a level 3 spell: Mephitic Cloud
  4104 | D:5      | Noticed Edmund
  4111 | D:5      | Killed Edmund
  4555 | D:6      | Noticed Eustachio
  4572 | D:6      | Killed Eustachio
  4688 | D:6      | Noticed a hippogriff
  4697 | D:6      | Killed a hippogriff
  4743 | D:6      | Found a staircase to the Ecumenical Temple.
  5006 | D:6      | Reached XP level 9. HP: 59/77 MP: 9/9
  5018 | D:6      | Slain by a gnoll sergeant

Levels and vault maps discovered:
D:1:      evilmike_arrival_crescent, layout_basic, minmay_split_cup_small
D:2:      layout_loops_cross, lemuel_round_altar,
          chequers_ecumenical_altar_simple, minmay_misc_feat_four_crosses,
          minmay_close_crescents
D:3:      layout_loops_cross, guppyfry_early_orc_mine
D:4:      layout_loops_ring, serial_shops,
          nicolae_shop_competitors_out_of_business, dk_rats_in_the_wall,
          uniq_grinder
D:5:      black_bear_nest_2, layout_rooms, first_ration, minivault_5,
          uniq_edmund
D:6:      kennysheep_housing_project, layout_basic,
          minmay_temple_entry_proselytizer, uniq_eustachio, uniq_pikel
D:7:      layout_layer_cave, grunt_temple_overflow_open, grunt_livestock
D:8:      layout_loops_corners, gammafunk_ghost_arena

Skill      XL: |  1  2  3  4  5  6  7  8  9 |
---------------+----------------------------+-----
Axes           | 3 4 5 6 7 8 |  8.0
Shields        | 4 5 6 8 |  8.5
Dodging        | 1 2 3 4 |  4.7
Fighting       | 4 5 6 |  6.5
Armour         | 4 5 6 |  6.4
Spellcasting   | 1 |  1.0

Action                   |  1- 3 |  4- 6 |  7- 9 || total
-------------------------+-------+-------+-------++-------
Melee: War axe           |    67 |    62 |   110 ||   239
       Headbutt          |     6 |    23 |    21 ||    50
       Hand axe          |       |    92 |       ||    92
  Use: Scroll            |     4 |     6 |       ||    10
       Potion            |     2 |     2 |     2 ||     6
  Eat: Chunk             |     1 |     7 |     5 ||    13
Armor: Scale mail        |    35 |    47 |     7 ||    89
       Chain mail        |       |       |    41 ||    41
Dodge: Dodged            |    28 |    61 |    53 ||   142
Block: Shield            |    30 |    70 |    66 ||   166

Table legend:
 A = Non-vault XP
 B = Vault XP
 C = Vault XP percentage of total XP
 D = Non-vault monster count
 E = Vault monster count
 F = Vault count percentage of total count
                 A         B        C        D         E       F
            +---------+---------+-------+---------+---------+-------
      Total |    1659 |    1469 |  47.0 |     116 |      34 |  22.7
            +---------+---------+-------+---------+---------+-------
        D:1 |      54 |       7 |  11.5 |      18 |       3 |  14.3
        D:2 |     231 |      17 |   6.9 |      32 |       3 |   8.6
        D:3 |     123 |      17 |  12.1 |      23 |       7 |  23.3
        D:4 |     692 |     267 |  27.8 |      28 |       1 |   3.4
        D:5 |     267 |     282 |  51.4 |       9 |       2 |  18.2
        D:6 |     292 |     879 |  75.1 |       6 |      18 |  75.0
            +---------+---------+-------+---------+---------+-------
